[Event "Titled Tuesday Blitz June 07 Early 2022"]
[White "Pires, Marcos Vinicius Torsani"]
[Black "Papasimakopoulos, Alexandros"]
[WhiteFideId "2118939"]
[BlackFideId "4244125"]
[WhiteElo "2273"]
[BlackElo "2340"]
[Result "0-1"]
[Round "10"]
[TimeControl "180+1"]
[Date "2022.06.07"]
[WhiteClock "0:00:03"]
[BlackClock "0:00:08"]

1. d4 f5 2. Bf4 e6 3. e3 Nf6 4. Nf3 d5 5. c4 Bd6 6. Bg3 c6 7. Nc3 O-O 8. Bd3 Ne4 9. Bxd6 Qxd6 10. O-O Nd7 11. Qc2 Ndf6 12. Ne5 Bd7 13. c5 Nxc5 14. Nxd5 Nxd3 15. Nxf6+ gxf6 16. Nxd3 Rae8 17. Rfd1 Kh8 18. Qc5 Qb8 19. b4 a6 20. a4 Rf7 21. Rac1 Rg8 22. g3 Bc8 23. Nf4 Bd7 24. Rd2 Qf8 25. Qxf8 Rgxf8 26. Nd3 Kg7 27. Nc5 Bc8 28. b5 axb5 29. axb5 cxb5 30. Rb1 b6 31. Nd3 Bd7 32. Rc2 Ra8 33. Rc7 Be8 34. Rc3 Rfa7 35. Nf4 Bd7 36. d5 e5 37. Ne6+ Kf7 38. Kg2 Ra1 39. Rxa1 Rxa1 40. Rc7 Ke7 41. Rb7 Rd1 42. Nf8 Rxd5 43. Nxd7 Rxd7 44. Rxb6 Rd5 45. Rb7+ Kd6 46. h4 Kc6 47. Rb8 h5 48. Kf3 Kc5 49. Ke2 b4 50. Rc8+ Kb5 51. Rb8+ Kc4 52. Rc8+ Rc5 53. Rb8 Kc3 54. Kd1 b3 55. Kc1 Ra5 56. Kb1 Ra4 57. Rb6 f4 58. exf4 exf4 59. Rxf6 Re4 60. Rc6+ Kb4 61. Rb6+ Ka3 62. Ra6+ Kb4 63. Rb6+ Kc4 64. gxf4 Rxf4 65. Rc6+ Kb5 66. Rh6 Rxh4 67. Kb2 Kc4 68. Rc6+ Kd5 69. Rh6 Rh3 70. Rh8 Ke4 71. Rf8 h4 72. f4 Rf3 73. f5 Rxf5 74. Re8+ Kf3 75. Kxb3 h3 76. Rg8 Kf2 77. Rh8 Rf3+ 78. Kc2 Kg2 79. Kd2 h2 80. Rg8+ Rg3 81. Rh8 h1=Q 0-1


[Site "https://www.chess.com"]

[Event "Titled Tuesday Blitz June 07 Early 2022"]
[White "Richter, Nils"]
[Black "Salinas Herrera, Pablo"]
[WhiteFideId "12990809"]
[BlackFideId "3407128"]
[WhiteElo "2311"]
[BlackElo "2541"]
[Result "1-0"]
[Round "10"]
[TimeControl "180+1"]
[Date "2022.06.07"]
[WhiteClock "0:00:21"]
[BlackClock "0:00:01"]

1. d4 d5 2. c4 e6 3. Nf3 a6 4. Bg5 Be7 5. Bxe7 Qxe7 6. Nbd2 Nf6 7. g3 O-O 8. Bg2 c5 9. cxd5 exd5 10. dxc5 Qxc5 11. O-O Nc6 12. Rc1 Qb6 13. Nb3 Be6 14. Nbd4 Rad8 15. b3 Rfe8 16. Nxe6 fxe6 17. e3 e5 18. Nh4 e4 19. Nf5 d4 20. Nxd4 Nxd4 21. exd4 Rxd4 22. Qc2 Red8 23. Qc7 Qb5 24. Rc5 Qe2 25. Qxb7 Qxa2 26. Rc7 R4d7 27. Rxd7 Rxd7 28. Qc8+ Kf7 29. Bxe4 Re7 30. Bd3 a5 31. b4 Qa3 32. Bc4+ Kg6 33. b5 Qb4 34. Bd3+ Kf7 35. Rb1 Qd4 36. Bc4+ Kg6 37. b6 Re8 38. b7 Qe4 39. Rd1 Qe5 40. Bd3+ Kh6 41. Rb1 Qd5 42. b8=Q Rxc8 43. Qxc8 Qxd3 44. Qh3+ Kg6 45. Qf1 Qd4 46. Rd1 Qb4 47. Qd3+ Kh6 48. Rb1 Qf8 49. Qe3+ Kg6 50. Rb5 Qd8 51. Qg5+ Kf7 52. Rb7+ Ke6 53. Qe3+ Kf5 54. Qf3+ Kg6 55. Kg2 h5 56. h4 Qd4 57. Rb5 Qd7 58. Rxa5 1-0


[Site "https://www.chess.com"]

[Event "Titled Tuesday Blitz June 07 Early 2022"]
[White "Rosen, Eric"]
[Black "Zhigalko, Sergei"]
[WhiteFideId "2032562"]
[BlackFideId "13502956"]
[WhiteElo "2362"]
[BlackElo "2662"]
[Result "0-1"]
[Round "10"]
[TimeControl "180+1"]
[Date "2022.06.07"]
[WhiteClock "0:00:05"]
[BlackClock "0:00:02"]

1. d4 Nf6 2. Bf4 e6 3. e3 d5 4. Nf3 Bd6 5. Ne5 O-O 6. Nd2 c5 7. c3 Nc6 8. Bd3 h6 9. O-O Qc7 10. Ndf3 Ne4 11. Nxc6 Bxf4 12. exf4 bxc6 13. Qc1 a5 14. Re1 f5 15. Ne5 Ba6 16. Bxe4 fxe4 17. g3 Rab8 18. b3 Rb5 19. Qa3 cxd4 20. cxd4 c5 21. Rac1 Rc8 22. Rc2 Qa7 23. Rec1 c4 24. bxc4 dxc4 25. Nxc4 Qxd4 26. Qe7 Qf6 27. Qa7 Bb7 28. Ne3 Rxc2 29. Rxc2 Rb1+ 30. Kg2 Qa1 31. Rc7 Qb2 32. Qb8+ Kh7 33. Qf8 Ba6 34. Nc4 Bxc4 35. Rxc4 Qe2 36. Rc7 Qf1# 0-1


[Site "https://www.chess.com"]

[Event "Titled Tuesday Blitz June 07 Early 2022"]
[White "Rustemov, Alexander"]
[Black "Kozak, Adam"]
[WhiteFideId "4119002"]
[BlackFideId "753246"]
[WhiteElo "2790"]
[BlackElo "2459"]
[Result "1/2-1/2"]
[Round "10"]
[TimeControl "180+1"]
[Date "2022.06.07"]
[WhiteClock "0:00:01"]
[BlackClock "0:00:06"]

1. d4 g6 2. c4 c6 3. Nf3 d5 4. cxd5 Qxd5 5. Nc3 Qd8 6. e4 Bg7 7. h3 Nf6 8. Be3 O-O 9. Qc2 Nbd7 10. Rd1 Nb6 11. Be2 Be6 12. b3 Bc8 13. O-O Qc7 14. Ne5 Nfd7 15. f4 Nxe5 16. dxe5 Qb8 17. Rd2 Re8 18. Rfd1 Qc7 19. Nb5 Qb8 20. Rd8 Rxd8 21. Rxd8+ Bf8 22. Nc3 Qc7 23. Qd3 Be6 24. Rxa8 Nxa8 25. f5 Bc8 26. e6 Nb6 27. exf7+ Kxf7 28. Bd4 Qd8 29. g4 Bg7 30. Bxg7 Qxd3 31. Bxd3 Kxg7 32. Kf2 Kf6 33. Ke3 Nd7 34. h4 h6 35. Kf4 g5+ 36. hxg5+ hxg5+ 37. Ke3 Ne5 38. Be2 Bd7 39. b4 b6 40. Kd4 Be8 41. a4 Bf7 42. a5 Bb3 43. axb6 axb6 44. Nb1 Ba2 45. Nd2 Bg8 46. Bd1 Bf7 47. Be2 Nd7 48. Bd1 c5+ 49. bxc5 bxc5+ 50. Ke3 Ne5 51. Be2 Be8 52. Bd1 Bf7 53. Be2 Ba2 54. Bd1 Bg8 55. Be2 Bf7 56. Bd1 Nc6 57. Nf3 Be8 58. Ba4 Ne5 59. Bxe8 Nxg4+ 60. Ke2 c4 61. Bb5 c3 62. Bd3 e6 63. fxe6 Kxe6 64. Bc2 Kf6 65. Kd3 Nf2+ 66. Kxc3 g4 67. Ng1 Ke5 68. Ne2 Nxe4+ 69. Kd3 Nf2+ 70. Ke3 Nh3 71. Ng3 Ng5 72. Bf5 Ne6 73. Bxg4 Nc5 74. Nf1 Kd5 75. Nd2 Ke5 76. Bf3 Kd6 77. Nc4+ Ke7 78. Kd4 Ne6+ 79. Ke5 Ng5 80. Bd5 Nf7+ 81. Kd4 Nd6 82. Ne3 Kf6 83. Kc5 Nf5 84. Nc2 Ke5 85. Bb7 Ne7 86. Ne3 Nf5 87. Nc4+ Kf6 88. Bc8 Ne7 89. Bh3 Ng6 90. Kd4 Nf4 91. Bf1 Ng6 92. Ke4 Ne7 93. Ne3 Ke6 94. Bh3+ Kf6 95. Nc4 Ng6 96. Bg4 Ne7 97. Ne3 Ng6 98. Nd5+ Kg5 99. Be6 Nf8 100. Bc8 Ng6 101. Nc3 Kf6 102. Ne2 Ne7 103. Nd4 Ng8 1/2-1/2


[Site "https://www.chess.com"]

[Event "Titled Tuesday Blitz June 07 Early 2022"]
[White "Sadhwani, Raunak"]
[Black "Matinian, Nikita"]
[WhiteFideId "35093487"]
[BlackFideId "24129100"]
[WhiteElo "2616"]
[BlackElo "2422"]
[Result "0-1"]
[Round "10"]
[TimeControl "180+1"]
[Date "2022.06.07"]
[WhiteClock "0:00:11"]
[BlackClock "0:00:02"]

1. e4 e5 2. Nf3 Nc6 3. Bb5 a6 4. Ba4 Nf6 5. d3 Bc5 6. c3 O-O 7. O-O Re8 8. Bg5 h6 9. Bh4 b5 10. Bc2 Be7 11. Re1 d6 12. Nbd2 g6 13. Nf1 Nh5 14. Bg3 Bf6 15. Ne3 Nxg3 16. fxg3 Bg7 17. Rf1 Be6 18. Bb3 Qd7 19. h4 Ne7 20. h5 c6 21. Nh4 d5 22. Qf3 Rf8 23. g4 d4 24. cxd4 exd4 25. Nef5 gxf5 26. gxf5 Bxb3 27. f6 Be6 28. Qg3 Bg4 29. fxg7 Rfe8 30. Rf6 Bxh5 31. Qf4 Qg4 32. Qf2 Qxg7 33. Rf1 Bg6 34. Rf3 Kh7 35. Nxg6 Qxg6 36. Rf6 Qg5 37. Rxf7+ Kg8 38. Qxd4 Rf8 39. Qf2 Rxf7 40. Qxf7+ Kh8 41. Rf2 Rg8 42. Qe6 Rg7 43. d4 Qc1+ 44. Kh2 Qg5 45. e5 Kh7 46. Kg1 Qc1+ 47. Kh2 Ng6 48. Qxc6 Qxc6 0-1


[Site "https://www.chess.com"]

[Event "Titled Tuesday Blitz June 07 Early 2022"]
[White "Santos Ruiz, Miguel"]
[Black "Al-Tarboush, Ward"]
[WhiteFideId "22291482"]
[BlackFideId "7601450"]
[WhiteElo "2475"]
[BlackElo "2249"]
[Result "1-0"]
[Round "10"]
[TimeControl "180+1"]
[Date "2022.06.07"]
[WhiteClock "0:00:06"]
[BlackClock "0:00:04"]

1. e4 b6 2. d4 Bb7 3. Bd3 e6 4. Nc3 Bb4 5. Ne2 d5 6. O-O dxe4 7. Nxe4 Nd7 8. c3 Be7 9. a4 Ngf6 10. Nxf6+ Nxf6 11. a5 O-O 12. a6 Bc6 13. Nf4 Bd6 14. Re1 Re8 15. Bf1 Nd5 16. Nd3 Qh4 17. g3 Qf6 18. Bg2 Ne7 19. Qg4 Bxg2 20. Kxg2 Rad8 21. Bg5 Qg6 22. Nf4 Bxf4 23. Qxf4 f6 24. Bh4 Nd5 25. Qf3 Qf5 26. g4 Qc2 27. Bg3 c5 28. Re2 Qb3 29. dxc5 bxc5 30. Rae1 Kf7 31. g5 Qb6 32. Qh5+ Kg8 33. gxf6 Nxf6 34. Qh3 Qc6+ 35. Kg1 Kf7 36. Be5 Rg8 37. Re3 Rde8 38. Rg3 h6 39. Rd1 Rd8 40. Ra1 Rd5 41. Re1 Qxa6 42. Qh4 Ke7 43. Bxf6+ gxf6 44. Rxg8 Rg5+ 45. Rxg5 fxg5 46. Qxh6 1-0


[Site "https://www.chess.com"]

[Event "Titled Tuesday Blitz June 07 Early 2022"]
[White "Sarana, Alexey"]
[Black "Maghsoodloo, Parham"]
[WhiteFideId "24133795"]
[BlackFideId "12539929"]
[WhiteElo "2666"]
[BlackElo "2607"]
[Result "1-0"]
[Round "10"]
[TimeControl "180+1"]
[Date "2022.06.07"]
[WhiteClock "0:00:04"]
[BlackClock "0:00:04"]

1. d4 d5 2. c4 c6 3. Nf3 Nf6 4. Nc3 e6 5. Bg5 Nbd7 6. cxd5 exd5 7. e3 Bd6 8. Bd3 O-O 9. Qc2 h6 10. Bh4 Re8 11. O-O a5 12. a3 Nb6 13. Bg3 Bxg3 14. hxg3 Ng4 15. Rfe1 Be6 16. b4 axb4 17. axb4 Qd6 18. b5 c5 19. dxc5 Qxc5 20. Nd4 Ne5 21. Nce2 Qxc2 22. Bxc2 g5 23. Rec1 Nec4 24. Bd3 Bd7 25. Bf5 Rxa1 26. Rxa1 Be6 27. Ra7 Nd6 28. Bd3 Rc8 29. f4 Bd7 30. Kf2 Kf8 31. Kf3 g4+ 32. Kf2 Kg7 33. Ra1 Ra8 34. Rxa8 Nxa8 35. Nc3 Nb6 36. e4 dxe4 37. Nxe4 Nbc8 38. Nc5 Be8 39. Ke3 b6 40. Na4 Kf6 41. Kd2 Bd7 42. Nc3 Ne7 43. Ke3 Bc8 44. Be4 Bf5 45. Bc6 h5 46. Bd5 1-0


[Site "https://www.chess.com"]

[Event "Titled Tuesday Blitz June 07 Early 2022"]
[White "Sargsyan, Anna M."]
[Black "Sapunov, Evgeny"]
[WhiteFideId "13308130"]
[BlackFideId "4126661"]
[WhiteElo "2271"]
[BlackElo "2470"]
[Result "0-1"]
[Round "10"]
[TimeControl "180+1"]
[Date "2022.06.07"]
[WhiteClock "0:00:03"]
[BlackClock "0:00:32"]

1. d4 Nf6 2. c4 g6 3. Nf3 Bg7 4. g3 O-O 5. Bg2 d6 6. Nc3 Nbd7 7. O-O e5 8. e4 c6 9. h3 exd4 10. Nxd4 Re8 11. Re1 Qb6 12. Be3 Qxb2 13. Nde2 Ne5 14. Bd4 Qb4 15. Rb1 Qa5 16. Qb3 Nfd7 17. Red1 Nc5 18. Qc2 Nxc4 19. Bxg7 Kxg7 20. Rbc1 Bd7 21. Nf4 b5 22. Nce2 Qd8 23. Nd4 Qf6 24. e5 dxe5 25. Nb3 Bf5 26. Qc3 Na4 0-1


[Site "https://www.chess.com"]

[Event "Titled Tuesday Blitz June 07 Early 2022"]
[White "Slugin, Sergey"]
[Black "Pakleza, Zbigniew"]
[WhiteFideId "4122569"]
[BlackFideId "1119290"]
[WhiteElo "2358"]
[BlackElo "2467"]
[Result "0-1"]
[Round "10"]
[TimeControl "180+1"]
[Date "2022.06.07"]
[WhiteClock "0:00:14"]
[BlackClock "0:00:03"]

1. d4 d6 2. Nf3 Bg4 3. e4 Nf6 4. Nc3 e6 5. Be2 Be7 6. O-O O-O 7. Be3 d5 8. e5 Nfd7 9. h3 Bxf3 10. Bxf3 c5 11. Ne2 cxd4 12. Bxd4 Nc6 13. c4 Ndxe5 14. Bxe5 Nxe5 15. cxd5 Nxf3+ 16. gxf3 Qxd5 17. Qxd5 exd5 18. Rfd1 Rfd8 19. Rac1 Bf6 20. b3 Rd7 21. Rc5 Rad8 22. Nf4 d4 23. Kf1 g6 24. Nd3 Rd5 25. Rc7 R8d7 26. Rc8+ Kg7 27. Rdc1 Ra5 28. R1c2 b6 29. Re8 Rad5 30. Ra8 Re7 31. Rcc8 Ra5 32. a4 Rf5 33. f4 Rh5 34. Kg2 Rd7 35. f3 Ra5 36. Nf2 Be7 37. Ng4 f6 38. f5 gxf5 39. Nf2 d3 40. Rg8+ Kf7 41. Rh8 d2 42. Rxh7+ Ke6 43. Re8 Rc5 44. h4 Rc2 45. Kg3 Rc1 46. h5 Rf1 47. Nd3 d1=Q 48. Nf4+ Kd6 0-1


[Site "https://www.chess.com"]

[Event "Titled Tuesday Blitz June 07 Early 2022"]
[White "Stribuk, Artiom"]
[Black "Janaszak, Dawid"]
[WhiteFideId "13515659"]
[BlackFideId "1119206"]
[WhiteElo "2259"]
[BlackElo "2199"]
[Result "1-0"]
[Round "10"]
[TimeControl "180+1"]
[Date "2022.06.07"]
[WhiteClock "0:00:19"]
[BlackClock "0:00:06"]

1. d4 Nf6 2. c4 e6 3. g3 c5 4. Nf3 cxd4 5. Nxd4 Nc6 6. Bg2 Qb6 7. Nc2 Bc5 8. O-O O-O 9. Nc3 Qc7 10. a3 a6 11. Bf4 Ne5 12. b4 Be7 13. c5 Nh5 14. Be3 d5 15. Na4 Nc4 16. Bd4 Bd7 17. Nb6 Rad8 18. e4 Nf6 19. exd5 exd5 20. Bxf6 Bxf6 21. Nxd5 Qe5 22. Re1 Qf5 23. Nd4 Qg6 24. Qc2 Qxc2 25. Nxf6+ gxf6 26. Nxc2 Ba4 27. Ne3 Nxe3 28. Rxe3 Rd7 29. Rae1 Rfd8 30. Bf3 Kg7 31. h4 Bb3 32. Kg2 Be6 33. Rc3 Rc7 34. Kg1 f5 35. a4 Kf6 36. b5 axb5 37. axb5 Rdc8 38. Rec1 Ke5 39. b6 Rd7 40. c6 bxc6 41. Bxc6 Rd6 42. b7 Rb8 43. Bf3 Bd5 44. Re3+ Kf6 45. Rd3 Ke5 46. Bxd5 Rxd5 47. Re1+ Kd6 48. Rxd5+ Kxd5 49. Re7 f6 50. Rxh7 Ke4 51. Kg2 f4 52. g4 f3+ 53. Kg3 f5 54. g5 Rg8 55. Re7+ Kd5 56. Rc7 Rh8 57. Rc8 1-0


[Site "https://www.chess.com"]

[Event "Titled Tuesday Blitz June 07 Early 2022"]
[White "Svane, Frederik"]
[Black "Matlakov, Maxim"]
[WhiteFideId "12923044"]
[BlackFideId "4168003"]
[WhiteElo "2459"]
[BlackElo "2669"]
[Result "1-0"]
[Round "10"]
[TimeControl "180+1"]
[Date "2022.06.07"]
[WhiteClock "0:01:06"]
[BlackClock "0:00:04"]

1. e4 e5 2. Nf3 Nc6 3. Nc3 Nf6 4. Bb5 Nd4 5. O-O Nxb5 6. Nxb5 c6 7. Nc3 d6 8. d4 Qc7 9. a4 Be7 10. h3 O-O 11. Re1 h6 12. Qd3 b6 13. Be3 Rd8 14. Qc4 a6 15. d5 Bd7 16. dxc6 Qxc6 17. Qxc6 Bxc6 18. Bxb6 Rdb8 19. a5 Nd7 20. Nd2 Nxb6 21. axb6 Rxb6 22. Nc4 Rb4 23. b3 g6 24. Red1 Kg7 25. Nd5 Bxd5 26. Rxd5 Kf6 27. Nxd6 Bxd6 28. Rxd6+ Kg7 29. Raxa6 Rxa6 30. Rxa6 Rxe4 31. Kf1 Rd4 32. Ra2 f5 33. Rb2 Kf6 34. b4 Ke7 35. b5 Kd8 36. b6 Kc8 37. b7+ Kb8 38. Ke2 Re4+ 39. Kd3 Rd4+ 40. Kc3 Rf4 41. f3 e4 42. fxe4 Rxe4 43. Rb6 g5 44. Kd3 h5 45. Rb5 Rf4 46. c4 Rf1 47. Ke2 Rc1 48. Rxf5 Rxc4 49. Rxg5 h4 50. Rg4 Rc2+ 51. Kf3 Rc3+ 52. Kf4 Rc2 53. Rg7 Rf2+ 54. Ke5 Re2+ 55. Kd4 Rd2+ 56. Ke3 Ra2 57. Kf3 Ka7 58. Rg4 Ra3+ 59. Kf4 Ra2 60. Kg5 Kxb7 61. Kxh4 Kc7 62. g3 Kd7 63. Re4 Ra5 64. g4 Rd5 65. g5 Kd6 66. Kh5 Rd1 67. h4 Rg1 68. g6 1-0


[Site "https://www.chess.com"]

[Event "Titled Tuesday Blitz June 07 Early 2022"]
[White "Svane, Rasmus"]
[Black "Grischuk, Alexander"]
[WhiteFideId "4657101"]
[BlackFideId "4126025"]
[WhiteElo "2674"]
[BlackElo "2762"]
[Result "1-0"]
[Round "10"]
[TimeControl "180+1"]
[Date "2022.06.07"]
[WhiteClock "0:00:10"]
[BlackClock "0:00:01"]

1. Nf3 Nf6 2. g3 c5 3. Bg2 Nc6 4. c4 d5 5. cxd5 Nxd5 6. Nc3 g6 7. O-O Bg7 8. Nxd5 Qxd5 9. d3 O-O 10. Be3 Bxb2 11. Rb1 Bf6 12. Qa4 Qd7 13. Rfc1 b6 14. Nd2 Bb7 15. Ne4 Rab8 16. Bxc5 Bg7 17. Be3 Rfc8 18. h4 h6 19. Bf4 Ra8 20. Kh2 Qd8 21. Bh3 f5 22. Nc5 bxc5 23. Rxb7 Nd4 24. Qd1 a5 25. e3 Ne6 26. Qb3 Ra6 27. h5 Kh8 28. hxg6 Nxf4 29. exf4 Rf6 30. Re1 Bf8 31. Re5 Qd4 32. Kg2 c4 33. dxc4 Qd6 34. Bxf5 Rxf5 35. Rxf5 Qxg6 36. Rd5 Qc6 37. Qb5 Qg6 38. Re5 Qd3 39. Qd5 Qg6 40. Qe4 Qf6 41. Re6 Qg7 42. Rbxe7 Bxe7 43. Rxe7 1-0


[Site "https://www.chess.com"]

[Event "Titled Tuesday Blitz June 07 Early 2022"]
[White "Uskov, Artem"]
[Black "Harvey, Marcus R"]
[WhiteFideId "34254854"]
[BlackFideId "400092"]
[WhiteElo "2335"]
[BlackElo "2485"]
[Result "1-0"]
[Round "10"]
[TimeControl "180+1"]
[Date "2022.06.07"]
[WhiteClock "0:00:12"]
[BlackClock "0:00:06"]

1. e4 c6 2. d4 d5 3. f3 e6 4. Nc3 Nd7 5. Be3 b5 6. Qd2 a6 7. e5 c5 8. f4 Ne7 9. Nf3 Nf5 10. Bf2 Bb7 11. a3 Rc8 12. g4 Nxd4 13. Nxd4 cxd4 14. Bxd4 Qh4+ 15. Bf2 Qxg4 16. Be2 Qh3 17. O-O-O Bxa3 18. Nxb5 axb5 19. bxa3 Qxa3+ 20. Kb1 Ra8 21. Bd4 Nc5 22. Bxb5+ Ke7 23. Qc3 Qxc3 24. Bxc3 Rhb8 25. Kc1 Ne4 26. Bd4 Ra2 27. Bd3 Rc8 28. Rhe1 Ba6 29. Bxe4 dxe4 30. Rd2 Bd3 31. Bb2 Ra4 32. Kd1 Bb5 33. Re3 Rca8 34. Rd6 f5 35. Rb3 Ba6 36. Rbb6 Bc8 37. Rbc6 R4a7 38. Bd4 Rd7 39. Bc5 Kf7 40. Kd2 Rxd6+ 41. exd6 Bd7 42. Rc7 Ke8 43. Bd4 g5 44. fxg5 f4 45. Be5 e3+ 46. Ke2 Ra4 47. Kf3 Bb5 48. c4 Rxc4 49. Re7+ Kd8 50. Bf6 Bc6+ 51. Ke2 Kc8 52. Rxe6 Kd7 53. Re7+ Kxd6 54. Kd3 Re4 55. Rxe4 Bxe4+ 56. Kxe4 e2 57. Bc3 Ke6 58. Kxf4 Kf7 59. Be1 Kg6 60. Kg4 Kg7 61. Kh5 Kh8 62. Kh6 Kg8 63. h4 Kh8 64. h5 Kg8 65. g6 Kh8 66. g7+ Kg8 67. Bd2 Kf7 68. Kxh7 1-0


[Site "https://www.chess.com"]

[Event "Titled Tuesday Blitz June 07 Early 2022"]
[White "Vasquez Schroeder, Rodrigo"]
[Black "Abarca Gonzalez, Nicolas"]
[WhiteFideId "3400042"]
[BlackFideId "3409422"]
[WhiteElo "2567"]
[BlackElo "2504"]
[Result "0-1"]
[Round "10"]
[TimeControl "180+1"]
[Date "2022.06.07"]
[WhiteClock "0:00:04"]
[BlackClock "0:00:07"]

1. e4 c5 2. Nf3 d6 3. d4 cxd4 4. Nxd4 Nf6 5. Nc3 g6 6. Be3 Bg7 7. f3 O-O 8. Qd2 Nc6 9. Bc4 Ne5 10. Bb3 Bd7 11. O-O-O Qa5 12. Kb1 Rfc8 13. Bg5 Nc4 14. Bxc4 Rxc4 15. Nb3 Qe5 16. Be3 a5 17. Bd4 Qe6 18. a4 Bxa4 19. Nxa4 Rxa4 20. g4 Rc4 21. Bc3 a4 22. Nd4 Qc8 23. Nb5 a3 24. g5 Nxe4 25. fxe4 Bxc3 26. bxc3 Qc5 27. Qd5 Qc8 28. Rd4 Rc5 29. Qb3 a2+ 30. Kb2 Ra5 31. Rb4 Qh3 32. Ra1 Rxg5 33. Rxa2 Rxa2+ 34. Qxa2 Qxh2 35. Qa8+ Kg7 36. Qxb7 Rg2 37. Na3 Qe5 38. Rb5 Qe6 39. Qd5 Qxd5 40. Rxd5 h5 41. Rd1 h4 42. Rh1 g5 43. Nc4 Kf6 44. Ne3 Rg3 45. Nd5+ Ke6 46. Rf1 h3 47. Kb3 f5 48. Nc7+ Kd7 49. Nd5 fxe4 50. Rh1 g4 51. Nf4 e5 52. Nd5 Ke6 53. Kc4 Rf3 54. Nc7+ Kf5 55. Nd5 e3 56. Kd3 e4+ 57. Ke2 Rf2+ 58. Kxe3 Rxc2 59. Rf1+ Ke5 60. Nf4 Rxc3+ 61. Kd2 Rf3 62. Rxf3 exf3 0-1


[Site "https://www.chess.com"]

[Event "Titled Tuesday Blitz June 07 Early 2022"]
[White "Vokhidov, Shamsiddin"]
[Black "Suleymanli, Aydin"]
[WhiteFideId "14204223"]
[BlackFideId "13413937"]
[WhiteElo "2611"]
[BlackElo "2481"]
[Result "0-1"]
[Round "10"]
[TimeControl "180+1"]
[Date "2022.06.07"]
[WhiteClock "0:00:02"]
[BlackClock "0:00:10"]

1. e4 c6 2. d4 d5 3. e5 Bf5 4. h4 h5 5. Bd3 Bxd3 6. Qxd3 Qa5+ 7. Nd2 e6 8. Nf3 Qa6 9. c4 Ne7 10. O-O Nf5 11. Rd1 Be7 12. g3 Nd7 13. b3 c5 14. dxc5 Nxc5 15. Qc2 Rd8 16. Bb2 O-O 17. b4 Qa4 18. Nb3 dxc4 19. Qxc4 Rxd1+ 20. Rxd1 Nxb3 21. axb3 Qxb4 22. Qxb4 Bxb4 23. Rd7 Rb8 24. Ng5 Be7 25. Ne4 a5 26. Nd6 Bxd6 27. exd6 b5 28. Be5 f6 29. Rc7 fxe5 30. d7 Ne7 31. d8=Q+ Rxd8 32. Rxe7 Rd3 33. Ra7 Rxb3 34. Rxa5 Kf7 35. Ra7+ Kf6 36. Rb7 b4 37. Kf1 Rb2 38. Rb5 Kf5 39. Kg2 Kf6 40. Kf3 Rb1 41. Ke4 b3 42. Kd3 b2 43. Ke2 e4 44. Rb8 e3 45. fxe3 Rh1 46. Rxb2 Rh2+ 0-1


[Site "https://www.chess.com"]

[Event "Titled Tuesday Blitz June 07 Early 2022"]
[White "Xiong, Jeffery"]
[Black "Nakamura, Hikaru"]
[WhiteFideId "2047640"]
[BlackFideId "2016192"]
[WhiteElo "2714"]
[BlackElo "2850"]
[Result "1/2-1/2"]
[Round "10"]
[TimeControl "180+1"]
[Date "2022.06.07"]
[WhiteClock "0:01:47"]
[BlackClock "0:02:47"]

1. d4 Nf6 2. c4 e6 3. Nc3 Bb4 4. Nf3 O-O 5. Bg5 c5 6. e3 cxd4 7. exd4 d5 8. Rc1 Nc6 9. a3 Be7 10. c5 Ne4 11. Bxe7 Qxe7 12. Be2 Rd8 13. O-O Nxc3 14. Rxc3 e5 15. Nxe5 Nxe5 16. dxe5 d4 17. Rc1 Qxe5 18. Bf3 Rb8 19. Qd2 Bd7 20. Rfe1 Qf6 21. b4 Bc6 22. Qd3 1/2-1/2


[Site "https://www.chess.com"]

[Event "Titled Tuesday Blitz June 07 Early 2022"]
[White "Yaksin, Oleg"]
[Black "Hambleton, Aman"]
[WhiteFideId "24105880"]
[BlackFideId "2606577"]
[WhiteElo "2256"]
[BlackElo "2552"]
[Result "0-1"]
[Round "10"]
[TimeControl "180+1"]
[Date "2022.06.07"]
[WhiteClock "0:00:04"]
[BlackClock "0:00:02"]

1. d4 Nf6 2. c4 e6 3. g3 c5 4. d5 exd5 5. cxd5 d6 6. Nc3 g6 7. Bg2 Bg7 8. Nf3 O-O 9. O-O Nbd7 10. Bf4 Qe7 11. Re1 a6 12. a4 Ng4 13. Qc2 Re8 14. Rab1 Nde5 15. Nxe5 Nxe5 16. Bd2 Bf5 17. e4 Bg4 18. f4 Nf3+ 19. Bxf3 Bxf3 20. Qd3 Bxc3 21. Qxc3 Bxe4 22. f5 gxf5 23. Bf4 b5 24. Rbd1 f6 25. a5 Qf7 26. Qd2 Rad8 27. Kf2 Rd7 28. Re3 Kg7 29. b4 c4 30. Qc3 h5 31. Rde1 Kg6 32. h4 Rde7 33. Qd4 Rd7 34. Qc3 Qxd5 35. R1e2 Qe6 36. Rd2 Red8 37. Rd4 d5 38. Qd2 Re8 39. Rc3 Rde7 40. Re3 Qc6 41. Rc3 Bd3 42. Rcxd3 Re2+ 43. Qxe2 Rxe2+ 44. Kxe2 cxd3+ 45. Kxd3 Qe6 46. Kd2 Kf7 47. Be3 Qc6 48. Bf4 Ke6 49. Kd3 Qc8 50. Kd2 Qg8 51. Rd3 Qg4 52. Re3+ Kf7 53. Rd3 Qh3 54. Kc3 Ke6 55. Re3+ Kd7 56. Kd4 Qg2 57. Kc5 Qc2+ 58. Kxd5 Qc4# 0-1


[Site "https://www.chess.com"]

[Event "Titled Tuesday Blitz June 07 Early 2022"]
[White "Yang, Kaiqi"]
[Black "Khoroshev, Nikita"]
[WhiteFideId "8604398"]
[BlackFideId "14200287"]
[WhiteElo "2373"]
[BlackElo "2354"]
[Result "0-1"]
[Round "10"]
[TimeControl "180+1"]
[Date "2022.06.07"]
[WhiteClock "0:00:03"]
[BlackClock "0:00:08"]

1. d4 Nf6 2. c4 g6 3. Nc3 Bg7 4. e4 d6 5. Be2 O-O 6. Nf3 Nc6 7. d5 Ne5 8. Nxe5 dxe5 9. c5 e6 10. O-O exd5 11. exd5 Nd7 12. Be3 f5 13. c6 Nb6 14. Bc5 Re8 15. a4 bxc6 16. dxc6 Be6 17. a5 Nd5 18. Nxd5 Qxd5 19. Qxd5 Bxd5 20. Rfd1 Bxc6 21. Bc4+ Kh8 22. b4 a6 23. Rac1 Ba4 24. Rd5 e4 25. Bd4 c6 26. Bxg7+ Kxg7 27. Rd7+ Kf6 28. Rxh7 Red8 29. f4 exf3 30. gxf3 Rd4 31. Kf2 Re8 32. h4 Re7 33. Rxe7 Kxe7 34. Bxa6 Rxb4 35. Be2 Rb2 36. Ke1 Ra2 37. Rc5 Kd6 38. Rc3 Bb5 39. Bxb5 cxb5 40. Rd3+ Ke5 41. Rb3 Rxa5 42. Kf2 f4 43. Kg2 Kf5 44. Rb4 g5 45. hxg5 Kxg5 46. Kh3 Kf5 47. Kh4 Ke5 48. Kg4 Kd5 49. Kxf4 Ra4 50. Rxa4 bxa4 51. Ke3 a3 52. Kd3 a2 53. Kc2 a1=Q 0-1


[Site "https://www.chess.com"]

[Event "Titled Tuesday Blitz June 07 Early 2022"]
[White "Yuan, Qingyu"]
[Black "Andreikin, Dmitry"]
[WhiteFideId "8609772"]
[BlackFideId "4158814"]
[WhiteElo "2359"]
[BlackElo "2736"]
[Result "0-1"]
[Round "10"]
[TimeControl "180+1"]
[Date "2022.06.07"]
[WhiteClock "0:00:04"]
[BlackClock "0:00:13"]

1. e4 c5 2. Nf3 e6 3. b3 b6 4. d4 cxd4 5. Nxd4 Bb7 6. Nd2 Nc6 7. Bb2 Nxd4 8. Bxd4 Ne7 9. Qg4 Nc6 10. Bb2 Nb4 11. Bd3 Rc8 12. O-O Nxd3 13. cxd3 Rc2 14. Nc4 d5 15. Qd1 Rxb2 16. Nxb2 Ba3 17. Qc2 O-O 18. Nd1 Qf6 19. Ne3 dxe4 20. dxe4 Rc8 21. Qd3 Rd8 22. Qc4 Bc5 23. Rad1 Rc8 24. Qd3 h5 25. a4 Qg6 26. f3 Qg5 27. Rfe1 h4 28. Kh1 Qf4 29. Qd7 Ba6 30. Qxa7 Bxe3 31. Qxa6 Rc3 32. Rd3 Bd2 33. Rd1 Rc2 34. Qxb6 Bc3 35. Qg1 Be5 36. b4 g5 37. h3 Rb2 38. b5 Kg7 39. b6 Rxb6 40. Ra3 Rb2 41. a5 Bc7 42. a6 Bb6 43. Qxb6 Rxb6 44. a7 Rd6 45. Rxd6 Qc1+ 46. Kh2 Qxa3 47. Rd7 Kf6 48. Rb7 Qa6 49. Rd7 Qc6 50. Kh1 Qa4 51. Kh2 Kg6 52. Kh1 f5 53. exf5+ exf5 54. Kh2 Kf6 55. Kh1 Ke6 56. Rh7 Ke5 57. Kh2 Qa5 58. Re7+ Kf4 59. Rf7 Ke5 60. Re7+ Kd6 61. Rf7 Ke6 62. Rh7 Qe5+ 63. Kh1 Qa1+ 64. Kh2 Qa5 65. Rh6+ Kd5 66. Rh7 Kc6 67. Rg7 Qe5+ 68. Kh1 Qa1+ 69. Kh2 Kb6 70. Rh7 Qe5+ 71. Kh1 Qe8 72. Kg1 Ka6 73. Kh1 Kb6 74. Kg1 Qg8 75. Re7 Kc6 76. Kh1 Kd6 77. Rg7 Qa2 78. Rh7 Ke5 79. Kh2 Kf4 80. Rf7 Qa5 81. Rh7 Ke3 82. Re7+ Kf2 83. Rb7 Qe5+ 84. f4 Qxf4+ 85. Kh1 Qc1+ 86. Kh2 Qg1# 0-1


[Site "https://www.chess.com"]